 Dungeon Crawl Stone Soup version 0.26.0-41-g79a4fc7684 (webtiles) character file.

Game seed: 6384993520992334356

593 snetch the Vexing (level 7, -4/56 HPs)
             Began as a Gnoll Wanderer on Jan 25, 2021.
             Was an Initiate of Cheibriados.
             Slain by Grinder (6 damage)
             ... on level 4 of the Dungeon on Jan 26, 2021.
             The game lasted 00:20:01 (5319 turns).

snetch the Vexing (Gnoll Wanderer)                  Turns: 5319, Time: 00:20:02

Health: -4/56      AC:  7    Str: 16    XL:     7   Next: 39%
Magic:  10/10      EV: 12    Int: 16    God:    Cheibriados [......]
Gold:   233        SH:  0    Dex: 16    Spells: 9/10 levels left

rFire    . . .     SeeInvis .   A - +0 spear (curse)
rCold    + . .     Faith    .   (no shield)
rNeg     . . .     Spirit   .   v - +0 scale mail
rPois    .         Reflect  .   f - +0 helmet
rElec    .         Harm     .   (no cloak)
rCorr    .         Rampage  .   (no gloves)
Will     .....     Rnd*Tele +   (no boots)
Stlth    +.........             (no amulet)
HPRegen  0.18/turn              (no ring)
MPRegen  0.12/turn              (no ring)

@: very slow
A: distributed training, fangs 1, blurry vision 1, cold resistance 1,
teleportitis 1, MP-powered wands, strong nose
a: Renounce Religion, Bend Time


You were on level 4 of the Dungeon.
You worshipped Cheibriados.
Cheibriados was noncommittal.
You visited 2 branches of the dungeon, and saw 6 of its levels.

You collected 233 gold pieces.

Inventory:

Hand Weapons
 a - a +2 mace of draining
 b - a +0 long sword
 t - a +1 hand axe
 A - a cursed +0 spear (weapon)
 D - a +2 dagger of venom
Missiles
 h - 45 bolts
 k - 20 poisoned darts (quivered)
 l - 2 curare-tipped darts
 o - 143 stones
 p - 21 arrows
Armour
 f - a +0 helmet (worn)
 v - a +0 scale mail (worn)
 C - a +0 leather armour
Wands
 w - a wand of digging (4)
Scrolls
 d - a scroll of amnesia {unknown}
 i - a scroll of blinking
 j - 2 scrolls of remove curse
 q - a scroll of immolation {unknown}
 r - 5 scrolls of identify {unknown}
 y - a scroll of teleportation {unknown}
 B - a scroll of enchant weapon
Potions
 c - a potion of lignification
 m - 2 potions of curing
 s - a potion of degeneration {unknown}
 u - a potion of haste {unknown}
 z - a potion of resistance {unknown}
 F - a potion of heal wounds {unknown}
Miscellaneous
 e - a phantom mirror


   Skills:
 + Level 5.2 Fighting
 + Level 2.4 Short Blades
 + Level 2.4 Long Blades
 + Level 2.4 Axes
 + Level 2.4 Maces & Flails
 + Level 2.4 Polearms
 + Level 2.4 Staves
 + Level 2.4 Slings
 + Level 2.4 Bows
 + Level 2.4 Crossbows
 + Level 3.6 Throwing
 + Level 2.4 Armour
 + Level 5.2 Dodging
 + Level 2.4 Stealth
 + Level 2.4 Shields
 + Level 3.6 Unarmed Combat
 + Level 2.4 Spellcasting
 + Level 2.0 Conjurations
 + Level 5.8 Hexes
 + Level 2.0 Summonings
 + Level 2.0 Necromancy
 + Level 2.0 Translocations
 + Level 2.0 Transmutations
 + Level 2.0 Fire Magic
 + Level 2.0 Ice Magic
 + Level 2.0 Air Magic
 + Level 2.0 Earth Magic
 + Level 2.0 Poison Magic
 + Level 2.7 Invocations
 + Level 3.6 Evocations


You had 9 spell levels left.
You knew the following spells:

 Your Spells              Type           Power        Failure   Level
a - Apportation           Tloc           16%          30%         1

Your spell library contained the following spells:

 Spells                   Type           Power        Failure   Level
 Lesser Beckoning         Tloc           4%           67%         3


Dungeon Overview and Level Annotations

Branches:
Dungeon (5/15)             Temple (1/1) D:4

Altars:
Ashenzari
Cheibriados
Dithmenos
Kikubaaqudgha
Makhleb
Nemelex Xobeh
Qazlal
Ru
Trog
Uskayaw
Wu Jian
Xom
Yredelemnul
Zin
The Shining One

Annotations:
D:4 Grinder


Innate Abilities, Weirdness & Mutations

Your experience applies equally to all skills.
You have very sharp teeth.
Your uncanny sense of smell can sniff out nearby items.
Scrolls take you a little longer to read.
Your flesh is cold resistant. (rC+)
You are occasionally teleported next to monsters.
You expend magic power (3 MP) to strengthen your wands.


Message History

Grinder struggles against the net.
Unknown command.
You hit Grinder.
Grinder is heavily wounded.
Unknown command.
It was a potion of mutation.
You feel extremely strange.
You feel weirdly uncertain.
Your vision blurs.
You feel your magical essence link to the dungeon's wands.
You feel resistant to cold.
You hit Grinder but do no damage. You bite Grinder.
Grinder is severely wounded.
Grinder struggles against the net.
The net rips apart, and Grinder comes free!
Unknown command.
You hit Grinder.
Grinder is severely wounded.
Grinder hits you.
* * * LOW HITPOINT WARNING * * *
You writhe in agony.
You die...

####### #..
..#
#######.#
#.#
#....?(.#
#†####
#..###....#
#5.....##.#
#@##.####.#
#.##.# #.#
#.##.# #.#
#.##.#
#.########
#.##.#
#.....[[..
#.##.#
##########
#.##.#
..##.#
##### .....


You could see Grinder.

Vanquished Creatures
  Eustachio (D:4)
  An ogre (D:4)
  A hound (D:3)
  An orc priest (D:4)
  Terence (D:2)
  An iguana (D:4)
  3 worker ants (D:4)
  Robin (D:2)
  3 adders (D:2)
  5 gnolls
  An ooze (D:1)
  2 dart slugs
  3 leopard geckos
  An orc (D:3)
  9 bats
  9 giant cockroaches
  12 goblins
  10 hobgoblins
  2 quokkas (D:2)
  7 frilled lizards
  8 kobolds
  11 rats
93 creatures vanquished.

Notes
Turn   | Place    | Note
-------+----------+-------------------------------------------
     0 | D:1      | snetch the Gnoll Wanderer began the quest for the Orb.
     0 | D:1      | snetch set off with the following items: a +0 dagger, a
                  | potion of lignification, a +0 robe, a phantom mirror; and
                  | the following spell memorised: Apportation; and the
                  | following spells available to memorise: Lesser Beckoning
     0 | D:1      | Reached XP level 1. HP: 20/20 MP: 1/1
   181 | D:1      | Reached XP level 2. HP: 23/26 MP: 2/2
   886 | D:1      | Reached XP level 3. HP: 30/31 MP: 3/3
  1302 | D:2      | Reached skill level 1 in Invocations
  1314 | D:2      | Noticed Robin
  1334 | D:2      | Killed Robin
  1335 | D:2      | Reached skill level 1 in Short Blades
  1335 | D:2      | Reached skill level 1 in Long Blades
  1335 | D:2      | Reached skill level 1 in Axes
  1335 | D:2      | Reached skill level 1 in Maces & Flails
  1335 | D:2      | Reached skill level 1 in Polearms
  1335 | D:2      | Reached skill level 1 in Staves
  1335 | D:2      | Reached skill level 1 in Slings
  1335 | D:2      | Reached skill level 1 in Bows
  1335 | D:2      | Reached skill level 1 in Crossbows
  1335 | D:2      | Reached skill level 1 in Armour
  1335 | D:2      | Reached skill level 1 in Stealth
  1335 | D:2      | Reached skill level 1 in Shields
  1335 | D:2      | Reached skill level 1 in Spellcasting
  1685 | D:2      | Reached XP level 4. HP: 28/38 MP: 5/5
  1984 | D:2      | Reached skill level 1 in Conjurations
  1984 | D:2      | Reached skill level 1 in Summonings
  1984 | D:2      | Reached skill level 1 in Necromancy
  1984 | D:2      | Reached skill level 1 in Translocations
  1984 | D:2      | Reached skill level 1 in Transmutations
  1984 | D:2      | Reached skill level 1 in Fire Magic
  1984 | D:2      | Reached skill level 1 in Ice Magic
  1984 | D:2      | Reached skill level 1 in Air Magic
  1984 | D:2      | Reached skill level 1 in Earth Magic
  1984 | D:2      | Reached skill level 1 in Poison Magic
  2090 | D:3      | Reached XP level 5. HP: 39/43 MP: 5/7
  2131 | D:2      | Noticed Terence
  2139 | D:2      | Killed Terence
  3153 | D:4      | Found a staircase to the Ecumenical Temple.
  3159 | D:4      | Noticed Eustachio
  3171 | D:3      | Upgraded the game from 0.26.0-20-g3ca415f5b8 to
                  | 0.26.0-41-g79a4fc7684
  3334 | D:4      | Got a spiked chain mail
  3337 | D:4      | Noticed an ogre
  3348 | D:4      | Killed an ogre
  3349 | D:4      | Reached XP level 6. HP: 13/50 MP: 8/8
  3369 | D:3      | Identified the +0 chain mail of Gozag's Grace {Rampage
                  | rElec rF- Int+7} (You found it on level 4 of the Dungeon)
  3917 | D:3      | Reached skill level 5 in Fighting
  3917 | D:3      | Reached skill level 5 in Dodging
  4679 | D:4      | Killed Eustachio
  4680 | D:4      | Reached XP level 7. HP: 54/56 MP: 10/10
  4804 | Temple   | Entered the Ecumenical Temple
  4819 | Temple   | Became a worshipper of Cheibriados the Contemplative
  4828 | D:5      | Entered Level 5 of the Dungeon
  4828 | D:5      | Found a sparkling altar of Nemelex Xobeh.
  5293 | D:4      | Noticed Grinder
  5300 | D:4      | Paralysed by Grinder for 5 turns
  5315 | D:4      | HP: 2/56 [Grinder/nerve-wracking pain (12)]
  5317 | D:4      | Gained mutation: You are occasionally teleported next to
                  | monsters. [potion of mutation]
  5317 | D:4      | Gained mutation: Scrolls take you a little longer to read.
                  | [potion of mutation]
  5317 | D:4      | Gained mutation: You expend magic power (3 MP) to
                  | strengthen your wands. [potion of mutation]
  5317 | D:4      | Gained mutation: Your flesh is cold resistant. (rC+)
                  | [potion of mutation]
  5319 | D:4      | Slain by Grinder

Illustrated notes

Levels and vault maps discovered:
D:1:      psy_arrival_terrarium, layout_rooms
D:2:      layout_basic, minmay_pentomino_x4, uniq_robin, uniq_terence
D:3:      minmay_chambers_of_threes, layout_loops_ring, chequers_garden
D:4:      layout_loops_ring, minmay_temple_entry_proselytizer, minmay_distorted,
          uniq_eustachio, uniq_grinder
D:5:      layout_basic, okawaru_gym_becter, lemuel_crystal_altar, serial_rivers,
          chequers_serial_rivers_micro_d, chequers_serial_rivers_micro_c,
          chequers_serial_rivers_micro_b, chequers_serial_rivers_micro_a,
          nemelex_xobeh_ov_fountains_minmay
Temple:   minmay_freezing_vapour_temple

Skill      XL: |  1  2  3  4  5  6  7 |
---------------+----------------------+-----
Invocations    | 1 2 |  2.7
Short Blades   | 1 2 |  2.4
Long Blades    | 1 2 |  2.4
Axes           | 1 2 |  2.4
Maces & Flails | 1 2 |  2.4
Polearms       | 1 2 |  2.4
Staves         | 1 2 |  2.4
Slings         | 1 2 |  2.4
Bows           | 1 2 |  2.4
Crossbows      | 1 2 |  2.4
Armour         | 1 2 |  2.4
Stealth        | 1 2 |  2.4
Shields        | 1 2 |  2.4
Spellcasting   | 1 2 |  2.4
Conjurations   | 1 2 |  2.0
Summonings     | 1 2 |  2.0
Necromancy     | 1 2 |  2.0
Translocations | 1 2 |  2.0
Transmutations | 1 2 |  2.0
Fire Magic     | 1 2 |  2.0
Ice Magic      | 1 2 |  2.0
Air Magic      | 1 2 |  2.0
Earth Magic    | 1 2 |  2.0
Poison Magic   | 1 2 |  2.0
Throwing       | 3 |  3.6
Unarmed Combat | 3 |  3.6
Evocations     | 3 |  3.6
Fighting       | 5 |  5.2
Dodging        | 5 |  5.2
Hexes          | |  5.8

Action                   |  1- 3 |  4- 6 |  7- 9 || total
-------------------------+-------+-------+-------++-------
Melee: Dagger            |   137 |       |       ||   137
       Bite              |    21 |    16 |     6 ||    43
       Punch             |     3 |     4 |     3 ||    10
       Hand axe          |    19 |     9 |       ||    28
       Long sword        |       |    55 |       ||    55
       Mace              |       |    22 |       ||    22
       Spear             |       |   113 |    39 ||   152
Throw: Dart              |    39 |    24 |    14 ||    77
       Throwing net      |       |       |     3 ||     3
 Cast: Apportation       |     3 |       |       ||     3
  Use: Scroll            |     4 |       |       ||     4
       Potion            |       |       |     2 ||     2
 Stab: Distracted        |       |     1 |       ||     1
       Sleeping          |       |     1 |       ||     1
       Held in net/web   |       |       |     2 ||     2
Armor: Robe              |    26 |     9 |       ||    35
       Scale mail        |       |    81 |     1 ||    82
       Leather armour    |       |       |     1 ||     1
Dodge: Dodged            |   145 |   173 |    17 ||   335
       Rpst.: Long sword |       |    14 |       ||    14
